 Dungeon Crawl Stone Soup version 0.27-a0-1319-geec4fb4e21 (webtiles) character file.

Game seed: 12088218517061256620

41426 snetch the Eclecticist (level 14, -6/103 HPs)
             Began as a Djinni Fire Elementalist on June 17, 2021.
             Was a High Priest of Ashenzari.
             Shot with an arrow by a centaur warrior (23 damage)
             ... on level 14 of the Dungeon on June 21, 2021.
             The game lasted 01:58:40 (22848 turns).

snetch the Eclecticist (Djinni Fire Elementalist)  Turns: 22848, Time: 01:58:41

Health: -6/103     AC: 19    Str:  7    XL:     14   Next: 50%
Gold:   962        EV: 15    Int: 22    God:    Ashenzari [*****.] SH: 11 Dex: 14

rFire    + + .     SeeInvis +   a - +0 hand axe of Ouranomancy {vorpal, Self, Fort} (curse)
rCold    . . .     Faith    .   g - +0 kite shield "Suspicion of Ashenzari" {Cun, Fort} (curse)
rNeg     . . .     Spirit   .   I - +4 scale mail of Supernal Understanding {rC+, Self, Evo} (curse)
rPois    ∞         Reflect  .   R - +0 helmet "Chained Together" {Melee, Evo} (curse)
rElec    .         Harm     .   S - +0 cloak of the Chained Lethargy {Range, Self} (curse)
rCorr    .         Rampage  .   r - +1 pair of gloves "Cursed Dissatisfaction" {Self, Fort} (curse)
Will     +....     Clarity  +   (boots unavailable)
Stlth    +++.......             (no amulet)
HPRegen  0.27/turn              u - ring of the Bound Comet {EV+4, Fort, Cun} (curse)
MPRegen  0.00/turn              B - ring of the Revealing Planets {Wiz, Cun, Range} (curse)

@: flying
A: sickness immunity, fire resistance 2, cold vulnerability 1, float, innate
caster, hp casting, extra vitality 1
a: Renounce Religion, Curse Item, Shatter the Chains


You were on level 14 of the Dungeon.
You worshipped Ashenzari.
Ashenzari was extremely pleased with you.
You visited 2 branches of the dungeon, and saw 15 of its levels.

You collected 962 gold pieces.

Inventory:

Hand Weapons
 a - the cursed +0 hand axe of Ouranomancy (weapon) {vorpal, Self, Fort}
   (You found it on level 1 of the Dungeon)

   It inflicts extra damage upon your enemies.
   It has a curse which improves the following skills: Introspection: Fighting
   and Spellcasting.
   Fortitude: Armour and Shields.
 q - a +2 whip of flaming
 s - the +0 staff of Battle
   (You took it off a centaur warrior on level 14 of the Dungeon)
 L - a +2 scimitar of flaming
 O - a +2 flail of venom
 T - the +4 trident of Soddirola {flame, Int+3}
   (You found it on level 10 of the Dungeon)

   It has been specially enchanted to burn those struck by it, causing extra
   injury to most foes and up to half again as much damage against particularly
   susceptible opponents.
   It affects your intelligence (+3).
Missiles
 h - 11 boomerangs
 n - 6 javelins
 F - 31 poisoned darts
 N - a throwing net
 Q - 3 atropa-tipped darts
 V - 4 silver boomerangs
 Y - 8 curare-tipped darts
Armour
 g - the cursed +0 kite shield "Suspicion of Ashenzari" (worn) {Cun, Fort}
   (You took it off a tengu warrior on level 9 of the Dungeon)

   It has a curse which improves the following skills: Cunning: Dodging and
   Stealth.
   Fortitude: Armour and Shields.
 r - the cursed +1 pair of gloves "Cursed Dissatisfaction" (worn) {Self, Fort}
   (You found it on level 2 of the Dungeon)

   It has a curse which improves the following skills: Introspection: Fighting
   and Spellcasting.
   Fortitude: Armour and Shields.
 t - a +0 chain mail
 v - a +2 pair of gloves
 C - a +3 leather armour of positive energy
 I - the cursed +4 scale mail of Supernal Understanding (worn) {rC+, Self, Evo}
   (You found it on level 4 of the Dungeon)

   It protects you from cold.
   It has a curse which improves the following skills: Introspection: Fighting
   and Spellcasting.
   Evocations: Evocations.
 R - the cursed +0 helmet "Chained Together" (worn) {Melee, Evo}
   (You found it on level 6 of the Dungeon)

   It has a curse which improves the following skills: Melee Combat: Short
   Blades, Long Blades, Axes, Maces & Flails, Polearms, Staves and Unarmed
   Combat.
   Evocations: Evocations.
 S - the cursed +0 cloak of the Chained Lethargy (worn) {Range, Self}
   (You took it off Crazy Yiuf on level 5 of the Dungeon)

   It has a curse which improves the following skills: Ranged Combat: Slings,
   Bows, Crossbows and Throwing.
   Introspection: Fighting and Spellcasting.
Jewellery
 b - a ring of protection from fire
 o - a +4 ring of evasion
 u - the cursed ring of the Bound Comet (left hand) {EV+4, Fort, Cun}
   (You found it on level 2 of the Dungeon)

   [ring of evasion]

   It affects your evasion (+4).
   It has a curse which improves the following skills: Fortitude: Armour and
   Shields.
   Cunning:   Dodging and Stealth.
 B - the cursed ring of the Revealing Planets (right hand) {Wiz, Cun, Range}
   (You found it on level 3 of the Dungeon)

   [ring of wizardry]

   It improves your spell success rate.
   It has a curse which improves the following skills: Cunning: Dodging and
   Stealth.
   Ranged Combat: Slings, Bows, Crossbows and Throwing.
Wands
 d - a wand of charming (9)
 A - a wand of mindburst (47)
 K - a wand of iceblast (10)
 P - a wand of acid (7)
 W - a wand of polymorph (16)
 X - a wand of paralysis (25)
 Z - a wand of flame (17)
Scrolls
 c - 3 scrolls of magic mapping
 e - 3 scrolls of summoning
 f - 14 scrolls of teleportation
 i - a scroll of vulnerability
 j - a scroll of holy word
 l - a scroll of blinking
 m - 4 scrolls of enchant armour
 y - a scroll of brand weapon
 D - 4 scrolls of enchant weapon
 E - a scroll of silence
 U - 2 scrolls of immolation
Potions
 k - 2 potions of cancellation
 p - 2 potions of attraction
 w - 2 potions of berserk rage
 x - 2 potions of mutation
 z - 2 potions of curing
 G - a potion of invisibility
 H - a potion of ambrosia
 J - 3 potions of might
 M - 2 potions of lignification


   Skills:
 + Level 4.2(10.0) Fighting
 + Level 8.6(14.7) Armour
 + Level 7.4(12.5) Dodging
 + Level 5.3(10.4) Stealth
 + Level 4.6(10.5) Shields
 + Level 15.0(20.7) Spellcasting


You had 18 spell levels left.
You knew the following spells:

 Your Spells              Type           Power      Damage    Failure   Level
a - Foxfire               Conj/Fire      100%       2x1d9     0%          1
b - Conjure Flame         Conj/Fire      85%        6-21      0%          3
c - Inner Flame           Hex/Fire       85%        N/A       0%          3
d - Sticky Flame          Conj/Fire      85%        2d10      1%          4
e - Fireball              Conj/Fire      42%        3d17      1%          5
f - Corona                Hex            94%        N/A       0%          1
g - Passwall              Tmut/Erth      70%        N/A       0%          2
h - Summon Guardian Gole  Hex/Summ       85%        N/A       0%          3
i - Petrify               Tmut/Erth      85%        N/A       1%          4
j - Borgnjor's Vile Clut  Necr/Erth      42%        N/A       1%          5
k - Freezing Cloud        Conj/Ice/Air   42%        6-21      1%          5
Your spell library was empty.

Dungeon Overview and Level Annotations

Branches:
Dungeon (14/15)            Temple (1/1) D:7            Lair (0/6) D:9
    Orc (0/2) D:9          Vaults (0/5) D:14

Altars:
Ashenzari
Cheibriados
Dithmenos
Elyvilon
Fedhas
Gozag
Hepliaklqana
Kikubaaqudgha
Makhleb
Nemelex Xobeh
Okawaru
Qazlal
Ru
Sif Muna
Trog
Uskayaw
Vehumet
Wu Jian
Xom
Yredelemnul
Zin
The Shining One

Shops:
D:2 [

Annotations:
D:1 eyes behind stone
D:14 Frances


Innate Abilities, Weirdness & Mutations

You are immune to sickness and miasma.
You are immune to poison.
Your flesh is very heat resistant. (rF++)
You are vulnerable to cold. (rC-)
You float through the air rather than walking.
You learn spells naturally, not from books.
Your magical power is your life essence.
You have superior vitality. (+4 HP)


Message History

Press: ? - help, Shift-Dir - straight line, f - centaur warrior
Aim: a centaur warrior, quivering arrows (100% to hit)
Zombie hands grab the centaur warrior.
The zombie hands constrict the centaur warrior!
The centaur warrior struggles to escape constriction.
Casting: Borgnjor's Vile Clutch (safe; 1% risk of failure)
Confirm with . or Enter, or press ? or * to list all spells.
Aiming: Freezing Cloud (safe; 1% risk of failure)
Press: ? - help, Dir - move target, p - centaur warrior The zombie hands constrict the centaur warrior.
The centaur warrior is engulfed in freezing vapours.
The centaur warrior wields a +0 longbow.
The centaur warrior shoots an arrow.
The arrow hits you!!
* * * LOW HITPOINT WARNING * * *
The zombie hands lose their grip on something.
There is an open door here.
Things that are here:
a +0 ring mail; a +0 short sword
Things that are here:
a +0 ring mail; a +0 long sword
Casting: Freezing Cloud (safe; 1% risk of failure)
Confirm with . or Enter, or press ? or * to list all spells.
Aiming: Borgnjor's Vile Clutch (safe; 1% risk of failure)
Press: ? - help, Shift-Dir - straight line, f - centaur warrior
Aim: a centaur warrior, wielding a +0 longbow and quivering arrows (severely wounded, 100% to hit)
Zombie hands grab the centaur warrior.
* * * LOW HITPOINT WARNING * * *
The zombie hands constrict the centaur warrior!
The centaur warrior shoots an arrow.
The arrow hits you.
* * * LOW HITPOINT WARNING * * *
Casting: Borgnjor's Vile Clutch (safe; 1% risk of failure)
Confirm with . or Enter, or press ? or * to list all spells.
Aiming: Freezing Cloud (safe; 1% risk of failure)
Press: ? - help, Dir - move target, f/p - centaur warrior
Aim: a centaur warrior, wielding a +0 longbow and quivering arrows (almost dead, constricted by zombie hands)
* * * LOW HITPOINT WARNING * * *
The zombie hands constrict the centaur warrior.
The centaur warrior is engulfed in freezing vapours.
The centaur warrior shoots an arrow.
The arrow hits you!!
You die...

.:..########### **** ,, ... *
....####### #########......,
.....#################...... *
.....>...........######..... ####
..#.####...........§§.......,....
.##..###.####...###c§...##.# ####
.###.###.##...###[§#.##.# ,*#####
.###.##.....###..[.#......c......
..##.#....###...@#.#.###.... ####
..##...####....#...#.### .. **#
..##..###....#...#.#.. ,,., *..
.....##..##....#...#.. ,, ..#
...###..#'###....#.#.., ,, #.,,
.###..###..####....#..., , , #*
##)...###.#######..#. ,,,* * **
.)###.###.)##..#####.,, , *
..#.#.###.==###..###. ,,,,*


You could see a centaur warrior (clutched).

Vanquished Creatures
  Gastronok (D:9)
  Josephine (D:11)
  2 hydras
  3 vault guards (D:14)
  A rakshasa (D:14)
  A great orb of eyes (D:14)
  Fannar (D:10)
  2 boulder beetles
  A catoblepas (D:14)
  3 centaur warriors
  6 two-headed ogres
  A death knight (D:14)
  A tengu warrior (D:9)
  3 skeletal warriors (D:11)
  2 wizards (D:14)
  2 necromancers (D:14)
  An ugly thing (D:11)
  3 deep elf pyromancers
  A cyclops (D:12)
  The ghost of pigah the Magician, a novice OpWn of Sif Muna (D:5)
  A manticore (D:13)
  12 slime creatures
  3 gargoyles
  An unseen horror (D:12)
  2 kobold demonologists (D:13)
  2 efreet (D:14)
  A tengu conjurer (D:14)
  A komodo dragon (D:9)
  A freezing wraith (D:14)
  2 hornets
  3 trolls
  A blink frog (shapeshifter) (D:14)
  Grinder (D:5)
  A centaur simulacrum (D:14)
  A shadow (D:13)
  16 humans (D:14)
  8 wraiths
  13 yaks
  A basilisk (shapeshifter) (D:14)
  A golden eye (shapeshifter) (D:14)
  A basilisk (D:12)
  Menkaure (D:4)
  4 vampire mosquitoes (D:14)
  3 acid dragons
  8 orc warriors
  Duvessa (D:4)
  2 sky beasts
  7 black bears
  2 ogres (D:5)
  A necrophage (D:5)
  A centaur (D:8)
  Blork the orc (D:5)
  2 kobold brigands (D:13)
  A bullfrog (D:6)
  A gnoll sergeant (D:9)
  Dowan (D:4)
  2 scorpions
  2 water moccasin skeletons (D:3)
  5 killer bees (D:10)
  The ghost of mordus the Shield-Bearer, a weakling FoFi (D:2)
  2 wights (D:10)
  6 howler monkeys
  5 centaur zombies
  2 centaur skeletons
  A hound (D:4)
  Crazy Yiuf (D:5)
  A jelly (D:6)
  2 bullfrog skeletons
  2 gnoll shamans
  6 orc priests
  4 iguanas
  13 orc wizards
  Ijyb (D:3)
  A killer bee zombie (D:3)
  2 human simulacra (D:10)
  2 howler monkey zombies
  13 gnolls
  3 adders
  4 shadow imps
  3 white imps (D:6)
  3 worms
  2 dart slugs
  31 orcs
  9 ball pythons
  9 endoplasms
  5 giant cockroaches
  9 goblins
  4 hobgoblins
  9 jackals
  5 quokkas
  7 bats
  2 frilled lizards (D:2)
  7 kobolds
  5 rats
337 creatures vanquished.

Vanquished Creatures (collateral kills)
  41 foxfires (D:1)
41 creatures vanquished.

Vanquished Creatures (others)
  An orc (D:14)
  A bush (D:1)
  745 foxfires
  10 plants
757 creatures vanquished.

Grand Total: 1135 creatures vanquished

Notes
Turn   | Place    | Note
-------+----------+-------------------------------------------
     0 | D:1      | snetch the Djinni Fire Elementalist began the quest for the
                  | Orb.
     0 | D:1      | Reached XP level 1. HP: 15/15 MP: 0/0
   245 | D:2      | Reached XP level 2. HP: 17/21 MP: 0/0
   787 | D:1      | Reached skill level 3 in Spellcasting
   788 | D:1      | Reached XP level 3. HP: 21/25 MP: 0/0
   788 | D:1      | Learned a level 1 spell: Corona
  1021 | D:2      | Found Lofos's Armour Shoppe.
  1097 | D:1      | Noticed a great orb of eyes
  1106 | D:1      | Noticed a shining eye
  1108 | D:1      | Found a faded altar of an unknown god.
  1109 | D:1      | Noticed an eye of devastation
  1109 | D:1      | Noticed a shining eye
  1115 | D:1      | Became a worshipper of Ashenzari the Shackled
  2314 | D:2      | Reached XP level 4. HP: 23/31 MP: 0/0
  2324 | D:2      | Reached * piety under Ashenzari
  2490 | D:2      | Reached XP level 5. HP: 2/35 MP: 0/0
  2490 | D:2      | Learned a level 2 spell: Passwall
  2974 | D:2      | Reached skill level 4 in Spellcasting
  3474 | D:4      | Reached XP level 6. HP: 16/40 MP: 0/0
  3482 | D:4      | Noticed Dowan
  3486 | D:4      | Noticed Duvessa
  3496 | D:4      | Reached skill level 1 in Armour
  3784 | D:3      | Reached ** piety under Ashenzari
  4171 | D:3      | Noticed Ijyb
  4189 | D:3      | Killed Ijyb
  4486 | D:3      | Found a runed translucent gate.
  4487 | D:3      | Found a runed translucent gate.
  4488 | D:3      | Found a runed translucent gate.
  4491 | D:3      | Noticed mordus's ghost (weakling FoFi)
  4522 | D:3      | HP: 2/41 [water moccasin skeleton (1)]
  4846 | D:2      | Killed mordus's ghost
  5105 | D:3      | Reached XP level 7. HP: 46/47 MP: 0/0
  5105 | D:3      | Learned a level 3 spell: Summon Guardian Golem
  5394 | D:4      | Noticed Menkaure
  5397 | D:4      | Killed Menkaure
  5398 | D:4      | Reached skill level 5 in Spellcasting
  5542 | D:5      | Entered Level 5 of the Dungeon
  5554 | D:4      | Reached *** piety under Ashenzari
  5647 | D:5      | Noticed Grinder
  5708 | D:4      | Found a burning altar of Makhleb.
  5742 | D:4      | Killed Duvessa
  5743 | D:4      | Reached skill level 1 in Fighting
  5743 | D:4      | Reached XP level 8. HP: 39/56 MP: 0/0
  5743 | D:4      | Killed Dowan
  5885 | D:4      | Identified the +4 scale mail of the Vaults {rC+}
  6262 | D:5      | Found a runed translucent door.
  6284 | D:5      | Noticed Blork the orc
  6293 | D:5      | Reached skill level 6 in Spellcasting
  6305 | D:5      | Killed Blork the orc
  6578 | D:5      | Killed Grinder
  6875 | D:5      | Reached XP level 9. HP: 52/63 MP: 0/0
  6875 | D:5      | Learned a level 4 spell: Petrify
  6913 | D:5      | Reached skill level 7 in Spellcasting
  7480 | D:6      | Found an ornate altar of the Wu Jian Council.
  7651 | D:5      | Found a runed translucent door.
  7652 | D:5      | Noticed Crazy Yiuf
  7657 | D:5      | Killed Crazy Yiuf
  7755 | D:5      | Noticed pigah's ghost (novice OpWn)
  7993 | D:5      | Killed pigah's ghost
  8187 | D:6      | Reached skill level 8 in Spellcasting
  8389 | D:6      | Reached XP level 10. HP: 23/70 MP: 0/0
  9107 | D:6      | Found a shadowy altar of Dithmenos.
  9138 | D:6      | Reached **** piety under Ashenzari
  9169 | D:7      | Reached skill level 5 in Dodging
  9773 | D:8      | Reached skill level 5 in Armour
  9773 | D:8      | Reached skill level 9 in Spellcasting
 10000 | D:7      | Found a staircase to the Ecumenical Temple.
 10015 | D:7      | Upgraded the game from 0.27-a0-1301-g128193abf8 to
                  | 0.27-a0-1308-gc08437e49b
 10019 | Temple   | Entered the Ecumenical Temple
 10151 | D:7      | HP: 1/73 [hornet (8)]
 10156 | D:7      | HP: 3/73 [hornet (14)]
 10627 | D:8      | Found a hide-covered altar of Uskayaw.
 10897 | D:8      | Found a snail-covered altar of Cheibriados.
 11259 | D:9      | Found a sacrificial altar of Ru.
 11450 | D:9      | Found a staircase to the Lair.
 11450 | D:9      | Noticed a komodo dragon
 11460 | D:9      | Killed a komodo dragon
 11597 | D:9      | Found a shimmering altar of Xom.
 11990 | D:9      | Noticed a tengu warrior
 11995 | D:9      | Killed a tengu warrior
 11996 | D:9      | Reached skill level 10 in Spellcasting
 11996 | D:9      | Reached XP level 11. HP: 52/76 MP: 0/0
 11996 | D:9      | Learned a level 5 spell: Borgnjor's Vile Clutch
 12480 | D:10     | Entered Level 10 of the Dungeon
 12788 | D:9      | Found a staircase to the Orcish Mines.
 12882 | D:10     | Noticed Gastronok
 12895 | D:9      | Killed Gastronok
 12896 | D:9      | Reached skill level 11 in Spellcasting
 13457 | D:10     | Noticed a two-headed ogre
 13705 | D:10     | Killed a two-headed ogre
 13706 | D:10     | Reached skill level 5 in Stealth
 13731 | D:10     | Noticed a two-headed ogre
 14029 | D:10     | Killed a two-headed ogre
 14320 | D:10     | Identified the +4 trident of Soddirola {flame, Int+3}
 14490 | D:10     | Found a sparkling altar of Nemelex Xobeh.
 14599 | D:10     | Noticed Fannar
 14604 | D:10     | Killed Fannar
 14605 | D:10     | Reached skill level 1 in Shields
 14997 | D:11     | Reached XP level 12. HP: 60/85 MP: 0/0
 15597 | D:11     | Noticed Josephine
 15602 | D:11     | Reached skill level 12 in Spellcasting
 15606 | D:11     | Killed Josephine
 16016 | D:11     | Noticed a skeletal warrior
 16044 | D:11     | Noticed a skeletal warrior
 16339 | D:11     | Noticed a skeletal warrior
 16557 | D:11     | Killed a skeletal warrior
 16563 | D:11     | Killed a skeletal warrior
 16571 | D:11     | Killed a skeletal warrior
 17107 | D:11     | Upgraded the game from 0.27-a0-1308-gc08437e49b to
                  | 0.27-a0-1319-geec4fb4e21
 17112 | D:12     | Reached ***** piety under Ashenzari
 17417 | D:12     | Noticed a two-headed ogre
 17604 | D:12     | Noticed a boulder beetle
 17615 | D:12     | Killed a boulder beetle
 17616 | D:12     | Reached XP level 13. HP: 66/95 MP: 0/0
 17616 | D:12     | Learned a level 5 spell: Freezing Cloud
 18058 | D:12     | Reached skill level 13 in Spellcasting
 18126 | D:12     | Noticed a seven-headed hydra
 18131 | D:12     | Killed a seven-headed hydra
 19009 | D:13     | Noticed a centaur warrior
 19019 | D:13     | Killed a centaur warrior
 20009 | D:13     | Identified the +1 plate armour of the Sun {-Tele Rampage
                  | rF+}
 20163 | D:13     | Noticed a centaur warrior
 20168 | D:13     | Killed a centaur warrior
 20177 | D:13     | Noticed a seven-headed hydra
 20186 | D:13     | Killed a seven-headed hydra
 20436 | D:14     | Noticed a rakshasa
 20617 | D:14     | Reached skill level 14 in Spellcasting
 20620 | D:14     | Killed a rakshasa
 20917 | D:14     | Noticed a vault guard
 20917 | D:14     | Noticed a vault guard
 21090 | D:14     | Noticed a vault guard
 21103 | D:14     | Reached XP level 14. HP: 38/102 MP: 0/0
 21164 | D:14     | Noticed Frances
 21721 | D:14     | Found a gate to the Vaults.
 22279 | D:14     | Identified the ring of Nareto {+Blink MP-9 Dex+4 Slay+3
                  | SInv}
 22722 | D:14     | Reached skill level 15 in Spellcasting
 22848 | D:14     | Shot with an arrow by a centaur warrior

Illustrated notes

Levels and vault maps discovered:
D:1:      dpeg_arrival_connections, layout_rooms,
          hellmonk_ecumenical_altar_watching_god, serial_forest,
          infiniplex_forest_end_1, infiniplex_forest_lined_room_,
          infiniplex_forest_clump_small, infiniplex_forest_join,
          infiniplex_forest_clump_C, infiniplex_forest_clump_medium
D:2:      cheibrodos_pilgrimage, layout_loops_cross, serial_shops,
          nicolae_shop_waterfront
D:3:      layout_basic, gammafunk_ghost_necromancy, grunt_ministairs_9,
          uniq_ijyb
D:4:      layout_loops_cross, lightli_temple_of_fire,
          kennysheep_decorative_pillar, uniq_duvessa, uniq_menkaure
D:5:      layout_loops_cross, marbit_many_paths, gammafunk_ghost_grave,
          kennysheep_generic_room_7, uniq_grinder, uniq_blork_the_orc,
          uniq_crazy_yiuf_cottage
D:6:      layout_cave_pools, lemuel_crystal_altar, kennysheep_little_box
D:7:      layout_rooms, temple_fountains
D:8:      layout_loops_ring, eat_drink_and_be_merry_uskayaw, lemuel_tele_altar
D:9:      layout_gridville, lemuel_coloured_pillars_altar,
          overflow_temple_1_default, david_lair_shrubbed, orc_0_dummy,
          wad_mini_maze
D:10:     layout_loops_cross, vehumet_crystals, nemelex_spade_bored_becter,
          bh_circular_ruins, uniq_gastronok, uniq_fannar
D:11:     layout_irregular_city, uniq_josephine
D:12:     layout_roguey, grunt_ministairs_5
D:13:     layout_grid_maze
D:14:     minmay_the_grid_triangle_9x9_recursive_2
          [minmay_the_grid_triangle_9x9_prize_schism,
          minmay_the_grid_triangle_9x9_negative_grid,
          minmay_the_grid_triangle_9x9_checkered,
          minmay_the_grid_triangle_9x9_intruding_spiral], layout_rooms,
          grunt_vaults_entry_tiered, hangedman_decor_clover_reticule,
          uniq_frances
Temple:   nicolae_temple_x_marks_the_god

Skill      XL: |  1  2  3  4  5  6  7  8  9 10 11 12 13 14 |
---------------+-------------------------------------------+-----
Spellcasting   | 3 4 5 6 8 10 11 12 14 15 | 15.0
Stealth        | 2 3 4 5 |  5.3
Armour         | 2 3 4 5 7 8 |  8.6
Dodging        | 3 4 5 6 7 |  7.4
Fighting       | 1 2 3 4 |  4.2
Shields        | 1 2 3 4 |  4.6

Action                   |  1- 3 |  4- 6 |  7- 9 | 10-12 | 13-15 || total
-------------------------+-------+-------+-------+-------+-------++-------
Melee: Hand axe          |     4 |     9 |     6 |    47 |    31 ||    97
 Cast: Foxfire           |    94 |    96 |   119 |   156 |    11 ||   476
       Inner Flame       |       |     1 |       |       |       ||     1
       Fireball          |       |     4 |    30 |    71 |    51 ||   156
       Summon Guardian G |       |       |     1 |     1 |       ||     2
       Passwall          |       |       |       |     6 |       ||     6
       Sticky Flame      |       |       |       |     2 |       ||     2
       Borgnjor's Vile C |       |       |       |    39 |    41 ||    80
       Petrify           |       |       |       |     5 |       ||     5
       Freezing Cloud    |       |       |       |       |    36 ||    36
Invok: Curse Item        |     1 |     2 |     1 |     4 |     1 ||     9
       Shatter the Chain |       |       |       |     1 |       ||     1
  Use: Potion            |       |       |       |     4 |     1 ||     5
       Scroll            |       |       |       |       |     2 ||     2
 Stab: Sleeping          |       |       |       |     1 |       ||     1
Armor: Robe              |     3 |       |       |       |       ||     3
       Leather armour    |     3 |     8 |    21 |    26 |       ||    58
       Scale mail        |       |       |       |    18 |    27 ||    45
       Skin              |       |       |       |     1 |       ||     1
Dodge: Dodged            |    17 |    33 |    66 |    89 |    30 ||   235
Block: Kite shield       |       |       |       |    36 |    34 ||    70

Table legend: (Time is in decaauts)
 A = Elapsed time spent in this place.
 B = Non-inter-level travel time spent in this place.
 C = Inter-level travel time spent in this place.
 D = Time resting spent in this place.
 E = Time spent auto-exploring this place.
 F = Levels seen in this place.
 G = Mean time per level.
                   A        B        C        D        E       F      G
               +--------+--------+--------+--------+--------+-----+--------+
         Total |  22973 |  21770 |   1203 |   3429 |  14394 |  15 | 1531.5 |
       Dungeon |  22919 |  21723 |   1196 |   3429 |  14348 |  14 | 1637.1 |
        Temple |     54 |     47 |      7 |      0 |     46 |   1 |   54.0 |
               +--------+--------+--------+--------+--------+-----+--------+

Top non-repeatable levels by time:
    D:13: 2906 daAuts
     D:9: 2462 daAuts
     D:2: 2064 daAuts
     D:5: 2022 daAuts
    D:12: 1968 daAuts
     D:1: 1634 daAuts
    D:11: 1462 daAuts
     D:3: 1459 daAuts
    D:14: 1362 daAuts
     D:6: 1279 daAuts
    D:10: 1192 daAuts
     D:8: 1166 daAuts
     D:4: 1141 daAuts
     D:7: 795 daAuts
  Temple: 54 daAuts
